 Dungeon Crawl Stone Soup version 0.18-a0-912-g81d1dc4 (webtiles) character file.

154 st0uf the Shield-Bearer (level 5, -3/46 HPs)
             Began as a Hill Orc Fighter on Dec 26, 2015.
             Was a Follower of Fedhas.
             Killed from afar by Sigmund (7 damage)
             ... with a puff of flame
             ... on level 3 of the Dungeon.
             The game lasted 00:10:43 (1636 turns).

st0uf the Shield-Bearer (Hill Orc Fighter)          Turns: 1636, Time: 00:10:43

Health: -3/46      AC:  7    Str: 20    XL:     5   Next: 36%
Magic:  5/5        EV:  8    Int:  8    God:    Fedhas [*.....]
Gold:   146        SH:  9    Dex: 10    Spells: 0 memorised, 4 levels left

rFire  . . .     SeeInvis .     a - +0 war axe
rCold  . . .     Gourm    .     b - +0 scale mail
rNeg   . . .     Faith    .     c - +0 shield
rPois  +         Spirit   .     (no helmet)
rElec  .         Dismiss  .     (no cloak)
rCorr  .         Reflect  .     (no gloves)
SustAt .         Harm     .     (no boots)
MR     .....                    (no amulet)
Stlth  ..........               (no ring)
                                s - ring of poison resistance

@: not resistant to hostile enchantments, extremely unstealthy
A: no striking features
a: Evolution, Renounce Religion


You were on level 3 of the Dungeon.
You worshipped Fedhas.
Fedhas was aware of your devotion.
You were not hungry.

You visited 1 branch of the dungeon, and saw 3 of its levels.

You collected 146 gold pieces.

Inventory:

Hand Weapons
 a - a +0 war axe (weapon)
Armour
 b - a +0 scale mail (worn)
 c - a +0 shield (worn)
Jewellery
 s - a ring of poison resistance (left hand)
Scrolls
 g - 2 scrolls of identify {unknown}
 h - a scroll of magic mapping {unknown}
 k - a scroll of enchant weapon {unknown}
 l - a scroll of random uselessness {unknown}
 m - a scroll of immolation {unknown}
 p - a scroll of enchant armour {unknown}
 q - 2 scrolls of remove curse {unknown}
 r - a scroll of fear {unknown}
 v - a scroll of fog {unknown}
 x - a scroll of recharging {unknown}
 y - a scroll of teleportation {unknown}
 z - a scroll of noise {unknown}
Potions
 d - 2 potions of might
 e - a potion of beneficial mutation {unknown}
 n - a potion of curing {unknown}
 t - a potion of lignification {unknown}
 u - a potion of invisibility {unknown}
 w - a potion of magic {unknown}
Comestibles
 f - 3 bread rations
 i - a chunk of flesh
 j - 3 fruits
 o - a meat ration


   Skills:
 + Level 4.1 Fighting
 + Level 4.1 Axes
 + Level 4.1 Armour
 + Level 1.4 Dodging
 + Level 4.3 Shields


You had 4 spell levels left.
You didn't know any spells.

Dungeon Overview and Level Annotations

Branches:
Dungeon (3/15)

Altars:
Fedhas

Annotations:
D:3 Sigmund


Message History

You closely miss something. Something hits you!
You hit something. You closely miss something. Something hits you.
You miss something. Something hits you.
You barely miss something. Something hits you.
You miss something. Something hits you.
You miss something. Something hits you.
* * * LOW HITPOINT WARNING * * *
You slash something! You block its attack.
You miss something. You block its attack.
You slash something! Something hits you.
* * * LOW HITPOINT WARNING * * *
You hit something. Something hits you.
* * * LOW HITPOINT WARNING * * *
You closely miss something.
You hear some strange, mumbled words.
A puff of flame appears from out of thin air!
The puff of flame hits you!
You die...
Fedhas appreciates your contribution to the ecosystem.

###.##.....# .####.#
#.#
#......#.##....#.###..#
####.#....####...##..#
#.##.#)...##.....###
#.##..)...##.......#
#.######..[.##..##.#
#.# ##......)## .. ..#
##.###...## #.. ...
#.@##g...# #. ###
##){#.#..# ##...#...#
###.##..# #..#....
#.....#.. #.##.....?
#.# #.#... #.# ...


There were no monsters in sight!

Vanquished Creatures
  A centaur skeleton (D:3)
  5 adders
  2 oozes
  2 worms (D:2)
  A giant gecko (D:3)
  5 orcs (D:3)
  7 bats
  2 giant cockroaches
  7 goblins
  7 hobgoblins
  8 kobolds
  A ball python (D:1)
  4 giant newts
  6 jackals
  4 rats
62 creatures vanquished.

Vanquished Creatures (others)
  15 toadstools (D:3)
15 creatures vanquished.

Grand Total: 77 creatures vanquished

Notes
Turn   | Place    | Note
--------------------------------------------------------------
     0 | D:1      | st0uf the Hill Orc Fighter began the quest for the Orb.
     0 | D:1      | Reached XP level 1. HP: 19/19 MP: 1/1
   210 | D:1      | Reached XP level 2. HP: 27/27 MP: 2/2
   494 | D:1      | Reached XP level 3. HP: 25/33 MP: 3/3
   954 | D:2      | Reached XP level 4. HP: 29/40 MP: 4/4
  1076 | D:2      | Reached skill level 4 in Shields
  1081 | D:2      | Reached skill level 1 in Dodging
  1373 | D:2      | Found a faded altar to an unknown god.
  1394 | D:2      | Became a worshipper of Fedhas Madash
  1394 | D:2      | Reached * piety under Fedhas
  1459 | D:3      | Reached XP level 5. HP: 39/46 MP: 5/5
  1603 | D:3      | Noticed Sigmund
  1636 | D:3      | Killed from afar by Sigmund

Vault maps used:
D:1:      lemuel_arrival_hallway, serial_bayou_pond_b, minmay_fountain_box
D:2:      ecumenical_altar_1, st_stairs_13, minmay_liquid_box
D:3:      first_bread, uniq_sigmund

Action                   |  1- 3 |  4- 6 || total
-------------------------+-------+-------++-------
Melee: War axe           |   106 |   135 ||   241
  Eat: Chunk             |       |     3 ||     3
